 Dungeon Crawl Stone Soup version 0.31-a0-765-g67fe2935dc (webtiles) character file.

Game seed: 745181158195687059

218 randomguy2701 the Conjurer (level 5, 0/31 HPs)
             Began as an Octopode Conjurer on Sept 15, 2023.
             Slain by Dowan
             ... wielding a +0 dagger
              (4 damage)
             ... on level 4 of the Dungeon.
             The game lasted 00:04:41 (3988 turns).

randomguy2701 the Conjurer (Octopode Conjurer)      Turns: 3988, Time: 00:04:42

Health: 0/31       AC:  1    Str:  7    XL:     5   Next: 95%
Magic:  2/10       EV: 13    Int: 22    God:
Gold:   219        SH:  0    Dex: 10    Spells: 9/10 levels left

rFire   . . .        (no weapon)
rCold   . . .        (no shield)
rNeg    . . .        (helmet restricted)
rPois   .            (no amulet)
rElec   .            (no ring)
rCorr   .            (no ring)
SInv    .            (no ring)
Will    .....        (no ring)
Stlth   ++           (no ring)
HPRegen 0.25/turn    (no ring)
MPRegen 0.12/turn    (no ring)
                     (no ring)

%: no passive effects
@: lit by a corona, glowing
A: almost no armour, amphibious, 8 rings, camouflage 1, gelatinous body 1,
(nimble swimmer 1), tentacles
a: no special abilities


You were on level 4 of the Dungeon.
You visited 1 branch of the dungeon, and saw 4 of its levels.

You collected 219 gold pieces.

Inventory:

Magical Staves
 e - a staff of earth
Scrolls
 b - a scroll of teleportation {unknown}
 c - 4 scrolls of revelation {unknown}
 g - a scroll of blinking {unknown}
 h - a scroll of enchant armour {unknown}
 j - a scroll of poison {unknown}
Potions
 a - a potion of magic
 d - a potion of ambrosia {unknown}
 f - a potion of attraction {unknown}
 i - a potion of enlightenment {unknown}
 k - a potion of lignification {unknown}


   Skills:
 + Level 2.3 Dodging
 * Level 4.3 Stealth
 + Level 3.4 Spellcasting
 + Level 5.5 Conjurations


You had 9 spell levels left.
You knew the following spells:

 Your Spells              Type           Power      Damage    Failure   Level
a - Magic Dart            Conj           100%       1d8       1%          1

Your spell library contained the following spells:

 Spells                   Type           Power      Damage    Failure   Level
 Searing Ray              Conj           56%        2d6       1%          2
 Dazzling Flash           Conj/Hex       30%        N/A       12%         3
 Inner Flame              Hex/Fire       3%         N/A       34%         3
 Fulminant Prism          Conj/Hex       7%         3d7       36%         4
 Iskenderun's Mystic Bla  Conj/Tloc      15%        2d5       36%         4
 Yara's Violent Unravell  Hex/Tmut       1%         3d3       97%         5
 Enfeeble                 Hex            1%         N/A       100%        7


Dungeon Overview and Level Annotations

Branches:
Dungeon (4/15)
 Temple: D:4-7

Altars:
Uskayaw

Shops:
D:4 *

Annotations:
D:2 1 runed translucent door, Crazy Yiuf
D:4 1 transporter, Dowan, Duvessa


Innate Abilities, Weirdness & Mutations

You cannot wear most types of armour.
You are amphibious.
You can wear up to eight rings at the same time.
Your skin changes colour to match your surroundings (Stealth+).
Your rubbery body absorbs attacks. (AC +1, EV +1)
((You are camouflaged when in or above water. (Stealth+)))
You have tentacles for arms and can constrict up to eight enemies at once.


Message History

Duvessa seems to speed up.
Unknown command.
Dowan casts a spell.
Dowan blinks!
Duvessa says, "When magic and the sword combine, nothing stands against them."
Dowan gestures wildly while chanting.
Dowan blinks!
Dowan hits you with a +0 dagger. Dowan closely misses you.
Dowan hits you with a +0 dagger. Dowan barely misses you.
Dowan hits you with a +0 dagger!
Dowan says, "Magic and the sword, together, will defeat you."
Dowan points at you and mumbles some strange words.
The puff of frost hits you. Dowan hits you with a +0 dagger.
* * * LOW HITPOINT WARNING * * *
Dowan gestures at you while chanting.
You are outlined in light.
You are too injured to fight recklessly!
You aren't carrying any pieces of jewellery.
Unknown command.
Attack: -) Tentacles
Press: ? - help, Dir - move target, f - Dowan, p - Duvessa
Aim: Dowan, wielding a +0 dagger and wearing a +0 robe (moderately wounded, about 50% to evade your tentacles)
Okay, then.
Aiming: Magic Dart (safe; 1% risk of failure)
Press: ? - help, Q - select action Shift-Dir - straight line, f/p - Duvessa
Aim: Duvessa, wielding a +0 rapier and wearing a +0 ring mail (severely wounded, fast, 100% to hit)
The magic dart hits Duvessa but does no damage.
Duvessa is severely wounded.
Dowan hits you with a +0 dagger.
* * * LOW HITPOINT WARNING * * *
Aiming: Magic Dart (safe; 1% risk of failure)
Press: ? - help, Q - select action Shift-Dir - straight line, f/p - Duvessa
Aim: Duvessa, wielding a +0 rapier and wearing a +0 ring mail (severely wounded, fast, 100% to hit)
The magic dart hits Duvessa.
Duvessa is severely wounded.
Dowan hits you with a +0 dagger.
You die...

# #.....#####.# #.# #
##.#.## #.###.# #.###
#.....# ##'## ###.###
##...## #.#
##.....########.#
##.......#≈≈≈≈#..#
###...........e≈.e.##
..).........≈≈≈≈@...#
###.........####...##
##.......## ##..#
##.....## ##.#
###..## #.## #'##
#..# #.# ##.# #.# #.#
#.##### #.#


You could see Duvessa (fast) and Dowan.

Vanquished Creatures
  An ogre (D:4)
  A hound (D:4)
  3 adders
  An ufetubus (D:3)
  4 orcs
  6 ball pythons
  9 bats
  4 endoplasms
  4 giant cockroaches
  8 hobgoblins
  2 quokkas
  4 frilled lizards
  10 goblins
  7 kobolds
  3 rats (D:2)
67 creatures vanquished.

Notes
Turn   | Place    | Note
-------+----------+-------------------------------------------
     0 | D:1      | randomguy2701 the Octopode Conjurer began the quest for the
                  | Orb.
     0 | D:1      | Reached XP level 1. HP: 11/11 MP: 3/3
   245 | D:1      | Reached XP level 2. HP: 17/17 MP: 1/5
   679 | D:1      | Found a faded altar of an unknown god.
   839 | D:1      | Reached XP level 3. HP: 21/21 MP: 3/6
  1261 | D:2      | Found a runed translucent door.
  1262 | D:2      | Noticed Crazy Yiuf
  1471 | D:2      | Reached XP level 4. HP: 26/27 MP: 0/7
  1754 | D:2      | Reached skill level 5 in Conjurations
  2663 | D:3      | Found a hide-covered altar of Uskayaw.
  3424 | D:4      | Found Ufuuff's General Store.
  3511 | D:4      | Noticed an ogre
  3518 | D:4      | Killed an ogre
  3519 | D:4      | Reached XP level 5. HP: 31/31 MP: 0/9
  3827 | D:4      | Found a transporter.
  3852 | D:4      | Noticed Dowan
  3853 | D:4      | Noticed Duvessa
  3988 | D:4      | Slain by Dowan

Illustrated notes

Levels and vault maps discovered:
D:1:      dpeg_arrival_more_subterranean_lakeside_camping, layout_basic,
          hellmonk_ecumenical_altar_inner_sanctum
D:2:      layout_loops_ring, minmay_goblin_outpost, uniq_crazy_yiuf_cottage
D:3:      layout_loops_corners, nicolae_overflow_hidden_temple
D:4:      gammafunk_cloud_chamber, layout_loops_corners, tgw_fedhas,
          serial_shops, nicolae_shop_peninsula, uniq_blork_the_orc, uniq_duvessa

Skill      XL: |  1  2  3  4 |
---------------+-------------+-----
Stealth        | 3 4 |  4.3
Conjurations   | 5 |  5.5
Spellcasting   | 3 |  3.4
Dodging        | |  2.3

Action                     |  1- 3 |  4- 6 || total
---------------------------+-------+-------++-------
  Melee: Unarmed           |    14 |     4 ||    18
         Constrict         |     4 |     1 ||     5
         Tentacles         |     2 |     2 ||     4
   Cast: Magic Dart        |    70 |    92 ||   162
    Use: Potion            |       |     1 ||     1
 Armour: Skin              |    11 |    12 ||    23
  Dodge: Dodged            |    14 |    17 ||    31

Table legend: (Time is in decaauts)
 A = Elapsed time spent in this place.
 B = Non-inter-level travel time spent in this place.
 C = Inter-level travel time spent in this place.
 D = Time resting spent in this place.
 E = Time spent auto-exploring this place.
 F = Levels seen in this place.
 G = Mean time per level.
                   A        B        C        D        E       F      G
               +--------+--------+--------+--------+--------+-----+--------+
         Total |   3987 |   3924 |     63 |      0 |   3480 |   4 |  996.8 |
       Dungeon |   3987 |   3924 |     63 |      0 |   3480 |   4 |  996.8 |
               +--------+--------+--------+--------+--------+-----+--------+

Top non-repeatable levels by time:
     D:2: 1200 daAuts
     D:1: 1089 daAuts
     D:3: 1082 daAuts
     D:4: 614 daAuts
